Map: Frost LE

Players

Snute

  • Race: Zerg Zerg

PtitDrogo - Winner!

  • Race: Protoss Protoss

Event: 2016 WCS Global Finals

VOD

Have the link to the VOD?

Description

Time

  • Played on: Oct. 27, 2016, 4:06 p.m.
  • Length: 17:36

All games in this series

Show
View Real Time Build Order
Export as new Build Order

Snute Zerg 

Build Orders: Hatch First, Muta Ling Bane 

Get SALT Encoding   

  12  0:00  Drone  
  13  0:12  Overlord  
  13  0:17  Drone  
  14  0:30  Drone x2  
  14  0:34  Drone  
  17  0:51  Hatchery  
  17  0:55  Drone  
  17  0:58  Drone  
  17  1:02  Extractor  
  17  1:14  Spawning Pool  
  17  1:17  Drone  
  17  1:20  Drone  
  18  1:27  Drone  
  19  1:38  Overlord  
  19  1:49  Drone  
  20  2:00  Queen  
  22  2:02  Metabolic Boost  
  22  2:03  Queen  
  22  2:05  Zergling x2  
  25  2:09  Zergling x2  
  25  2:13  Zergling x2  
  25  2:15  Zergling x2  
  28  2:22  Zergling x2  
  29  2:26  Drone  
  30  2:33  Drone  
  30  2:35  Drone  
  32  2:44  Drone  
  32  2:46  Overlord  
  33  2:54  Hatchery  
  33  2:57  Drone x2  
  33  3:04  Drone  
  34  3:09  Zergling x2  
  34  3:12  Zergling x2  
  36  3:13  Zergling x2  
  36  3:14  Overlord  
  36  3:16  Drone x3  
  36  3:17  Drone  
  41  3:24  Overlord  
  41  3:31  Drone x2  
  42  3:39  Drone  
  42  3:40  Spore Crawler  
  41  3:41  Queen  
  41  3:43  Drone x2  
  41  3:44  Drone  
  41  3:45  Drone x2  
  41  3:48  Spore Crawler  
  47  3:49  Drone  
  47  3:51  Drone  
  47  3:54  Drone  
  47  3:55  Drone  
  51  4:01  Drone  
  52  4:07  Evolution Chamber  
  52  4:08  Queen  
  52  4:09  Drone, Spore Crawler  
  52  4:10  Drone  
  52  4:12  Drone  
  52  4:14  Drone  
  52  4:16  Drone  
  56  4:17  Drone  
  56  4:21  Drone x3  
  60  4:27  Drone x2  
  60  4:28  Drone  
  63  4:32  Drone  
  63  4:33  Drone  
  65  4:39  Overlord  
  65  4:43  Zerg Melee Weapons Level 1  
  65  4:47  Overlord  
  65  4:51  Roach Warren  
  64  4:54  Overlord  
  64  4:55  Drone x2  
  64  4:57  Drone  
  64  4:58  Drone  
  64  4:59  Drone x4  
  72  5:00  Drone, Extractor  
  72  5:02  Drone  
  72  5:08  Drone  
  72  5:11  Drone  
  72  5:13  Drone  
  72  5:21  Drone x2  
  72  5:22  Drone x2  
  72  5:26  Lair  
  74  5:30  Drone x4  
  74  5:33  Drone  
  77  5:37  Hatchery  
  77  5:38  Drone, Hatchery  
  77  5:40  Extractor  
  77  5:41  Drone x4  
  77  5:42  Baneling Nest, Extractor  
  77  5:47  Drone x2  
  79  5:51  Roach  
  79  5:54  Roach  
  79  5:55  Roach x2  
  79  5:56  Overlord  
  87  6:01  Roach  
  87  6:03  Extractor  
  88  6:05  Overlord  
  88  6:06  Roach  
  88  6:09  Overlord  
  90  6:16  Zergling x14  
  96  6:23  Zergling x2  
  96  6:24  Zergling x4  
  96  6:34  Drone  
  96  6:35  Drone x3  
  96  6:38  Drone  
  96  6:39  Drone x3  
  101  6:41  Drone  
  101  6:42  Zerg Melee Weapons Level 2  
  101  6:47  Drone x2, Centrifical Hooks  
  103  6:53  Drone x3  
  107  6:56  Overlord  
  107  6:57  Spore Crawler  
  107  7:00  Zergling x8  
  109  7:01  Drone  
  109  7:02  Drone  
  109  7:05  Queen  
  109  7:06  Spire  
  109  7:07  Hatchery  
  111  7:13  Overlord  
  111  7:14  Drone x4  
  115  7:23  Zergling x20  
  124  7:32  Baneling x11  
  124  7:33  Baneling x3  
  124  7:35  Overlord  
  124  7:39  Zergling x2  
  124  7:40  Zergling x14  
  124  7:43  Zergling x2  
  132  7:56  Zergling x22  
  140  8:00  Zergling x2  
  140  8:04  Zergling x4  
  128  8:13  Zergling x4  
  128  8:14  Zergling x16  
  128  8:16  Hatchery  
  128  8:18  Drone  
  138  8:20  Mutalisk x6  
  138  8:25  Zergling x8  
  153  8:29  Zergling x6  
  153  8:32  Zergling x2  
  154  8:39  Queen  
  155  8:42  Overlord x4  
  155  8:59  Queen  
  157  9:05  Zergling x32  
  157  9:06  Zergling x6  
  176  9:21  Ravager x4  
  176  9:22  Ravager x2  
  176  9:23  Overlord x2  
  182  9:25  Zergling x12  
  188  9:32  Zergling x2  
  188  9:33  Zergling x10  
  188  9:34  Overlord x2  
  194  9:43  Baneling x3  
  194  9:44  Baneling x26  
  194  9:50  Baneling x3  
  192  9:56  Zergling x2  
  192  9:57  Zergling x14  
  198  10:05  Spine Crawler  
  198  10:06  Spore Crawler  
  196  10:09  Spine Crawler  
  195  10:18  Zergling x4  
  195  10:19  Zergling x14  
  200  10:24  Baneling x4  
  200  10:25  Baneling x15  
  197  10:39  Baneling x7  
  197  10:40  Baneling  
  197  10:43  Extractor  
  194  10:55  Baneling x8  
  194  11:04  Baneling x5  
  194  11:10  Hatchery  
  189  11:15  Zergling x2  
  189  11:16  Zergling x28  
  167  11:22  Zergling x2  
  167  11:23  Zergling x56  
  167  11:24  Zergling x8  
  158  11:29  Zergling x28  
  158  11:30  Queen  
  155  11:36  Baneling  
  155  11:37  Baneling x17  
  155  11:38  Baneling  
  155  11:39  Zergling x2  
  157  11:40  Zergling x12  
  157  11:44  Baneling  
  157  11:45  Baneling x2  
  160  11:47  Zergling x12  
  160  11:50  Zergling x2  
  160  11:51  Zergling x6  
  169  11:56  Zergling x8  
  169  11:58  Zergling x2  
  173  12:03  Zergling x2  
  173  12:04  Zergling x18  
  173  12:05  Baneling x6  
  173  12:06  Baneling x5  
  177  12:11  Zergling x12  
  177  12:12  Queen  
  183  12:16  Zergling x4  
  183  12:17  Zergling x14  
  183  12:21  Zergling x2  
  183  12:22  Zergling x2  
  191  12:25  Baneling x11  
  191  12:35  Zergling x26  
  171  12:49  Zergling x2  
  171  12:50  Zergling x20  
  173  12:55  Zergling x4  
  173  12:56  Zergling x10  
  173  12:57  Baneling  
  173  12:58  Baneling x17  
  180  13:00  Zergling x2  
  180  13:01  Zergling x4  
  183  13:06  Mutalisk  
  183  13:08  Zergling x14  
  190  13:21  Baneling x9  
  190  13:26  Zergling x22  
  199  13:30  Baneling x5  
  197  13:48  Zergling x16  
  188  13:49  Zergling x8  
  197  13:58  Queen  
  197  14:00  Baneling x16  
  199  14:06  Baneling x8  
  196  14:16  Spine Crawler, Spore Crawler  
  194  14:22  Zergling x14  
  199  14:25  Baneling x12  
  199  14:26  Hatchery  
  198  14:33  Baneling x6  
  184  14:48  Drone x11  
  178  14:54  Drone x5  
  178  14:55  Drone x3  
  178  14:58  Zergling x16  
  178  14:59  Zergling x8  
  192  15:12  Zergling x16  
  200  15:20  Baneling  
  200  15:21  Baneling x23  
  199  15:26  Drone x4  
  190  15:40  Baneling x3  
  190  15:41  Baneling x10  
  189  15:46  Extractor  
  186  15:53  Zergling x18  
  186  15:54  Zergling x10  
  195  16:02  Queen  
  195  16:03  Queen x2  
  198  16:09  Corruptor  
  200  16:13  Baneling x11  
  196  16:25  Baneling x5  
  194  16:38  Queen  
  196  16:45  Hatchery  
  196  16:46  Zergling x24  
  196  16:47  Spore Crawler  
  192  16:59  Zergling x10  
  108  17:15  Zergling x2  
  108  17:16  Zergling x12  
Show
View Real Time Build Order
Export as new Build Order

PtitDrogo Protoss - Winner!

Build Orders: 1 Gate Expand, Oracle Opening, Zealot Archon 

Get SALT Encoding   

  12  0:00  Probe (Chrono Boost)  
  13  0:11  Probe (Chrono Boost)  
  14  0:18  Pylon  
  14  0:27  Probe (Chrono Boost)  
  15  0:38  Probe (Chrono Boost)  
  16  0:43  Gateway  
  16  0:49  Probe (Chrono Boost)  
  17  0:50  Assimilator  
  17  0:59  Probe (Chrono Boost)  
  18  1:10  Probe (Chrono Boost)  
  19  1:21  Nexus  
  19  1:24  Probe (Chrono Boost)  
  20  1:34  Cybernetics Core  
  20  1:37  Probe (Chrono Boost)  
  21  1:42  Assimilator  
  21  1:47  Probe (Chrono Boost)  
  21  1:53  Pylon  
  22  1:58  Probe (Chrono Boost)  
  23  2:11  Probe (Chrono Boost)  
  24  2:18  Stargate  
  24  2:21  Adept  
  25  2:23  Probe (Chrono Boost)  
  27  2:32  Warp Gate  
  27  2:34  Probe (Chrono Boost)  
  27  2:35  Probe (Chrono Boost)  
  29  2:44  Probe (Chrono Boost)  
  29  2:45  Adept  
  29  2:47  Probe (Chrono Boost)  
  33  2:55  Probe (Chrono Boost)  
  35  2:59  Probe (Chrono Boost), Oracle  
  39  3:05  Probe (Chrono Boost)  
  39  3:11  Probe (Chrono Boost)  
  42  3:12  Adept  
  42  3:16  Probe (Chrono Boost)  
  43  3:21  Pylon  
  43  3:24  Probe (Chrono Boost)  
  45  3:30  Pylon x2  
  45  3:31  Mothership Core (Chrono Boost)  
  46  3:34  Pylon  
  46  3:39  Probe (Chrono Boost)  
  43  3:46  Gateway  
  43  3:47  Gateway  
  43  3:50  Probe (Chrono Boost)  
  43  3:51  Probe (Chrono Boost)  
  43  3:54  Adept, Oracle  
  47  4:02  Probe (Chrono Boost)  
  52  4:04  Probe (Chrono Boost)  
  52  4:12  Probe (Chrono Boost)  
  52  4:16  Probe (Chrono Boost)  
  54  4:19  Nexus  
  54  4:21  Pylon  
  54  4:23  Probe (Chrono Boost)  
  56  4:31  Probe (Chrono Boost)  
  56  4:32  Assimilator  
  56  4:34  Assimilator, Robotics Facility  
  56  4:35  Probe (Chrono Boost)  
  57  4:39  Adept  
  57  4:43  Probe (Chrono Boost)  
  60  4:46  Probe (Chrono Boost)  
  60  4:49  Twilight Council  
  60  4:50  Forge  
  61  4:53  Probe (Chrono Boost)  
  61  4:56  Probe (Chrono Boost)  
  61  4:58  Zealot  
  65  5:03  Zealot x2  
  65  5:04  Probe (Chrono Boost)  
  65  5:11  Probe (Chrono Boost)  
  60  5:14  Probe (Chrono Boost)  
  60  5:18  Adept  
  63  5:22  Probe (Chrono Boost)  
  63  5:25  Probe (Chrono Boost)  
  63  5:26  Resonating Glaives, Protoss Ground Weapons Level 1  
  65  5:33  Probe (Chrono Boost)  
  65  5:35  Probe (Chrono Boost)  
  65  5:36  Probe (Chrono Boost)  
  65  5:45  Probe (Chrono Boost)  
  65  5:46  Adept, Probe (Chrono Boost)  
  65  5:48  Probe (Chrono Boost)  
  70  5:55  Stalker  
  70  5:56  Probe (Chrono Boost)  
  74  5:57  Probe (Chrono Boost)  
  74  5:59  Sentry  
  74  6:01  Probe (Chrono Boost)  
  74  6:02  Templar Archives  
  77  6:07  Probe (Chrono Boost)  
  77  6:09  Probe (Chrono Boost)  
  77  6:10  Pylon  
  80  6:13  Assimilator, Probe (Chrono Boost)  
  80  6:16  Assimilator  
  80  6:17  Probe (Chrono Boost)  
  81  6:21  Probe (Chrono Boost)  
  81  6:23  Pylon  
  81  6:25  Probe (Chrono Boost)  
  81  6:28  Probe (Chrono Boost)  
  81  6:34  Probe (Chrono Boost)  
  81  6:37  Probe (Chrono Boost)  
  81  6:38  Probe (Chrono Boost), Zealot x3  
  85  6:41  Gateway  
  85  6:42  Gateway  
  85  6:45  Immortal  
  85  6:46  Pylon, Probe (Chrono Boost)  
  84  6:50  Gateway  
  84  6:53  Probe (Chrono Boost)  
  89  6:59  Pylon  
  89  7:00  High Templar x2  
  93  7:01  Zealot  
  93  7:05  Pylon  
  93  7:07  Archon, Pylon  
  95  7:12  Photon Cannon  
  95  7:20  Immortal  
  95  7:22  Sentry  
  97  7:24  Protoss Ground Weapons Level 2  
  99  7:33  Photon Cannon  
  99  7:37  Gateway  
  99  7:38  Gateway  
  99  7:41  Photon Cannon, Gateway  
  99  7:53  Zealot x3  
  99  7:54  Warp Prism  
  105  8:02  Zealot x2  
  102  8:10  Probe (Chrono Boost)  
  103  8:16  High Templar x2, Probe (Chrono Boost)  
  103  8:17  High Templar x2  
  112  8:21  Archon x2  
  112  8:22  Nexus  
  112  8:23  Pylon  
  112  8:24  Photon Cannon  
  112  8:27  Gateway, Pylon  
  112  8:28  Zealot x2  
  114  8:37  Probe (Chrono Boost)  
  115  8:42  Photon Cannon  
  115  8:43  Probe (Chrono Boost)  
  115  8:44  Photon Cannon  
  115  8:45  Gateway  
  115  8:46  Gateway  
  116  8:49  High Templar x2  
  116  8:50  High Templar x5  
  116  8:52  High Templar  
  134  8:55  Archon  
  134  8:56  Archon x3, Probe x2 (Chrono Boost)  
  134  9:00  Assimilator  
  133  9:03  Assimilator, Probe (Chrono Boost)  
  133  9:08  Probe x2 (Chrono Boost)  
  134  9:10  Phoenix  
  134  9:12  Stalker  
  134  9:13  Pylon  
  138  9:20  Protoss Ground Weapons Level 3  
  138  9:22  Probe x2 (Chrono Boost)  
  140  9:26  High Templar x2  
  140  9:27  Zealot x4  
  150  9:36  Photon Cannon, Probe (Chrono Boost)  
  150  9:37  Pylon, Phoenix  
  150  9:38  Gateway, Charge  
  151  9:44  Archon  
  150  10:01  Zealot x2  
  150  10:02  Zealot x8  
  167  10:14  Probe (Chrono Boost)  
  165  10:22  Pylon  
  165  10:23  Pylon  
  165  10:26  High Templar x4, Fleet Beacon  
  173  10:30  Archon x2  
  173  10:31  Zealot x3  
  173  10:32  Zealot x3  
  185  10:39  Void Ray  
  189  10:47  Photon Cannon, High Templar  
  191  10:52  High Templar, Zealot x3  
  199  10:57  Archon  
  199  11:01  Photon Cannon  
  199  11:03  Photon Cannon  
  199  11:05  Photon Cannon  
  195  11:16  Zealot x3  
  167  11:20  Zealot x6  
  125  11:30  High Templar x2  
  125  11:31  Warp Prism  
  127  11:35  Phoenix  
  127  11:36  Archon  
  129  11:49  High Templar  
  129  11:50  High Templar x3  
  129  11:52  High Templar x2, Zealot x2  
  129  11:53  Zealot  
  147  11:55  Archon x2  
  147  11:56  Archon, Phoenix  
  147  12:07  Observer  
  144  12:10  Zealot x2  
  142  12:28  High Templar x4  
  142  12:29  Zealot x3  
  156  12:30  Zealot x2  
  156  12:32  Archon  
  156  12:33  Archon  
  156  12:34  Zealot  
  156  12:35  Zealot  
  162  12:43  Probe x2 (Chrono Boost)  
  121  12:44  Probe x2 (Chrono Boost)  
  101  12:52  Protoss Shields Level 1  
  101  12:54  Probe x2 (Chrono Boost)  
  101  12:56  Probe (Chrono Boost)  
  101  12:57  Photon Cannon, Probe (Chrono Boost)  
  105  13:04  Probe (Chrono Boost)  
  106  13:09  High Templar x4  
  106  13:10  Zealot  
  106  13:11  Zealot x3  
  122  13:26  Probe (Chrono Boost)  
  122  13:27  Probe (Chrono Boost)  
  126  13:28  Probe x2 (Chrono Boost)  
  126  13:31  Zealot x6  
  126  13:32  Archon x2  
  125  13:49  Probe (Chrono Boost)  
  125  13:51  Phoenix  
  127  14:00  Zealot x10  
  127  14:01  Zealot  
  149  14:11  Pylon  
  149  14:22  High Templar x6  
  149  14:23  High Templar  
  149  14:24  High Templar x2, Zealot x2  
  167  14:27  Archon x3  
  167  14:28  Archon  
  140  15:02  High Templar x2  
  140  15:03  High Templar x3, Zealot x3  
  140  15:04  Zealot x3  
  140  15:06  Archon  
  140  15:07  Archon  
  162  15:11  Archon  
  162  15:15  Photon Cannon  
  162  15:17  Photon Cannon  
  162  15:27  Zealot x3  
  162  15:28  Zealot  
  166  15:53  High Templar x5  
  166  15:55  High Templar  
  178  16:00  Archon x2  
  178  16:02  Archon  
  170  16:11  Nexus  
  170  16:13  Pylon  
  170  16:20  Zealot x5  
  180  16:25  Phoenix  
  159  16:47  High Templar x4  
  159  16:48  Zealot x4  
  175  16:55  Nexus  
  175  16:58  Pylon  
  167  17:01  Archon x2  
  167  17:02  High Templar  
  167  17:03  High Templar, Zealot  
  133  17:19  Archon  
  133  17:20  Zealot  
  133  17:21  Zealot x7  
  143  17:24  Photon Cannon  
Tags
 
Add a new tag
Caveats
  • Supply blocks, unpowered buildings, or Contaminate may cause inaccurate times.
  • Supply counts are checked every 10 seconds.